cohdb
Replays
Latest Replays
All Replays
Popular Replays
Top Player Replays
Match Explorer
How It Works
Community
CoH3 Stats
Reddit
Sign in to upload your games and track your stats! →
Sign in with Steam
Match 45386813
Unlisted
Match 45386813
Overview
Messages
Build Orders
End
Engineer Squad
Construct Barracks
Riflemen Squad
Selects Armored Battlegroup
Selects Veteran Crews
1⁄4-ton 4x4 Truck
Riflemen Squad
Riflemen Squad
Grenade Package
Construct Medical Station
Infantry Support Center
Construct Weapon Support Center
M3 Armored Personnel Carrier
Selects Fast Deploy
Selects M8 Scott SPG
M1919 Machine Gun Team
M8 Scott SPG
M1918 Browning Automatic Rifles
Riflemen Squad
M8 Scott SPG
Bazooka Squad
Improved M9 Bazooka Rockets
Bazooka Squad
Nostalgi@
Wednesday
0
0
Comments
sign in to comment!
No comments posted yet!